 Dungeon Crawl Stone Soup version 0.31-a0-1074-g0b22e4e0f1 (webtiles) character file.

Game seed: 3141894159714578978

8191 timneilson the Grappler (level 11, -14/77 HPs)
             Began as an Octopode Shapeshifter on Nov 27, 2023.
             Was an Initiate of Gozag.
             Demolished by a six-headed hydra (16 damage)
             ... on level 8 of the Dungeon.
             The game lasted 00:19:37 (6010 turns).

timneilson the Grappler (Octopode Shapeshifter)     Turns: 6010, Time: 00:19:38

Health: -14/77     AC:  5    Str: 17    XL:     11   Next: 27%
Magic:  11/11      EV: 16    Int: 18    God:    Gozag
Gold:   1074       SH:  0    Dex: 13    Spells: 10/10 levels left

rFire   + .          .
                       - Unarmed
rCold   . . .        (no shield)
rNeg    + . .        (helmet currently unavailable)
rPois   .            m - amulet of regeneration
rElec   .            e - +4 ring of protection
rCorr   +            h - ring of resist corrosion
SInv    .            j - +6 ring of intelligence
Will    .....        t - ring of protection from fire
Stlth   +++++        f - ring of positive energy
HPRegen 1.12/turn    (no ring)
MPRegen 0.12/turn    (no ring)
                     (no ring)

%: no passive effects
@: beast-form, hasted, very quick
A: beast (slay +4), almost no armour, amphibious, 8 rings, camouflage 1,
gelatinous body 1, (nimble swimmer 1), tentacles
a: Begin Untransformation, Renounce Religion, Potion Petition, Call Merchant,
Bribe Branch


You were on level 8 of the Dungeon.
You worshipped Gozag.
Gozag was most pleased with you.
You were a hulking beast.
You visited 2 branches of the dungeon, and saw 9 of its levels.
You also visited: Sewer.

You collected 1182 gold pieces.
You paid 108 gold pieces to Gozag.

Inventory:

Missiles
 w - a throwing net
Jewellery
 e - a +4 ring of protection (left tentacle)
 f - a ring of positive energy (on tentacle)
 g - a ring of fire
 h - a ring of resist corrosion (right tentacle)
 j - a +6 ring of intelligence (on tentacle)
 m - an amulet of regeneration (around mantle)
 t - a ring of protection from fire (on tentacle)
 z - a ring of flight
Talismans
 b - a beast talisman
 c - a flux talisman
Wands
 r - a wand of paralysis (21)
 y - a wand of mindburst (15)
Scrolls
 i - a scroll of immolation {unknown}
 k - a scroll of enchant weapon
 l - 3 scrolls of teleportation
 n - a scroll of revelation
 q - 2 scrolls of blinking
 u - a scroll of enchant armour
 x - a scroll of brand weapon {unknown}
Potions
 a - 3 potions of lignification
 d - 3 potions of haste
 o - 2 potions of enlightenment
 p - a potion of attraction
 s - a potion of brilliance
 v - a potion of curing


   Skills:
 * Level 7.9 Fighting
 * Level 8.1 Dodging
 + Level 7.7 Stealth
 * Level 8.3 Unarmed Combat
 + Level 5.0 Evocations
 * Level 7.8 Shapeshifting


You had 10 spell levels left.
You didn't know any spells.
Your spell library contained the following spells:

 Spells                   Type           Power      Damage    Failure   Level
 Apportation              Tloc           0%         N/A       22%         1
 Necrotise                Necr           0%         1d4       22%         1
 Summon Small Mammal      Summ           0%         N/A       22%         1
 Call Canine Familiar     Summ           0%         N/A       54%         3
 Summon Guardian Golem    Hex/Summ       0%         N/A       54%         3


Dungeon Overview and Level Annotations

Branches:
Dungeon (8/15)             Temple (1/1) D:7           Sewer (visited)
   Lair: D:8-11

Altars:
Ashenzari
Dithmenos
Elyvilon
Fedhas
Gozag
Hepliaklqana
Kikubaaqudgha
Makhleb
Nemelex Xobeh
Okawaru
Qazlal
Ru
Sif Muna
Trog
Uskayaw
Vehumet
Wu Jian
Xom
Yredelemnul
Zin
The Shining One

Shops:
D:7 (

Annotations:
D:3 1 runed translucent door, Lobster4's ghost, amateur MfSh


Innate Abilities, Weirdness & Mutations

You are a hulking beast.
Your limbs bulge with bestial killing power. (Slay +4)
You cannot wear most types of armour.
You are amphibious.
You can wear up to eight rings at the same time.
Your skin changes colour to match your surroundings (Stealth+).
Your rubbery body absorbs attacks. (AC +1, EV +1)
((You are camouflaged when in or above water. (Stealth+)))
You have tentacles for arms and can constrict up to eight enemies at once.


Message History

Press: ? - help, Shift-Dir - straight line, f/p - six-headed hydra
Aim: a six-headed hydra (chance to affect: 27%)
The six-headed hydra easily resists.
The six-headed hydra bites you! The six-headed hydra misses you.
The six-headed hydra bites you.
The six-headed hydra closely misses you.
The six-headed hydra bites you! The six-headed hydra misses you.
You completely miss the six-headed hydra.
The six-headed hydra misses you.
The six-headed hydra closely misses you.
The six-headed hydra bites you.
The six-headed hydra completely misses you.
The six-headed hydra misses you.
The six-headed hydra closely misses you.
You tentacle-slap the six-headed hydra.
The six-headed hydra is lightly wounded.
The six-headed hydra bites you but does no damage.
The six-headed hydra bites you!
The six-headed hydra completely misses you.
The six-headed hydra bites you!
* * * LOW HITPOINT WARNING * * *
The six-headed hydra closely misses you.
The six-headed hydra misses you.
You tentacle-slap the six-headed hydra. You squeeze the six-headed hydra!
The six-headed hydra is moderately wounded.
Unknown command.
Unknown command.
You feel yourself speed up. The six-headed hydra bites you!
* * * LOW HITPOINT WARNING * * *
The six-headed hydra closely misses you.
The six-headed hydra misses you.
The six-headed hydra bites you but does no damage.
The six-headed hydra bites you!
* * * LOW HITPOINT WARNING * * *
The six-headed hydra closely misses you.
You bludgeon the six-headed hydra!
Your squeeze misses the six-headed hydra.
The six-headed hydra is heavily wounded.
The six-headed hydra misses you. The six-headed hydra bites you!
You die...
Your body crumbles into a pile of gold.

.#)###..###..#..........
.###))..).##.#..#.......
,.#)))..#.....#..##.....#
.#)##......###..###.####
##.#..###..###.#..# #.# .
##.###...####..##..# #.#
#.#####.## ##.......##...# #.#
##.....## ##.....##..#.# #.#
.###'### ###h###.....# #.#
##.....## ##.D#..##..#.# #.#
#..#.#..## ##..###..##...# #.#
..##.##..###.#.)...#.##..###.##
.#.....#D.#...##.##...#.......#
##.....##.#.#.#...#.# #...>...#
..........)##...#...###.......#
##.....##.#.#.#...#.#.#.....).#
.#.....#..#...##.##..(#.......#


You could see a six-headed hydra.

Vanquished Creatures
  A centaur warrior (D:8)
  2 two-headed ogres (D:8)
  A lindwurm (shapeshifter) (D:8)
  A faun (shapeshifter) (D:8)
  A manticore (D:8)
  A cyclops (D:8)
  Joseph (D:8)
  Maggie (D:8)
  A troll (D:8)
  Prince Ribbit (D:8)
  A shadow (D:8)
  2 wyverns (D:8)
  A steam dragon (D:8)
  2 vampire mosquitoes (D:7)
  3 ice beasts
  A black bear (D:7)
  A sky beast (D:4)
  2 ogres
  4 orc warriors (D:8)
  A phantom (D:5)
  3 centaurs
  2 kobold brigands
  A bullfrog (D:8)
  A gnoll sergeant (D:7)
  A scorpion (D:4)
  6 wights
  A killer bee (D:8)
  2 howler monkeys (D:7)
  A jelly (D:8)
  10 orc priests
  2 gnoll boudas
  A hound (D:5)
  2 iguanas
  8 orc wizards
  9 gnolls (D:7)
  7 adders
  4 river rats
  2 white imps
  A worm (D:2)
  3 dart slugs
  37 orcs
  11 ball pythons
  9 bats
  9 endoplasms
  4 giant cockroaches
  5 hobgoblins
  10 jackals
  22 kobolds
  7 quokkas
  3 frilled lizards
  4 goblins
  26 rats
243 creatures vanquished.

Notes
Turn   | Place    | Note
-------+----------+-------------------------------------------
     0 | D:1      | timneilson the Octopode Shapeshifter began the quest for
                  | the Orb.
     0 | D:1      | Reached XP level 1. HP: 13/13 MP: 1/1
    58 | D:1      | Reached XP level 2. HP: 13/18 MP: 2/2
   207 | D:1      | Reached skill level 1 in Stealth
   256 | D:1      | Found a faded altar of an unknown god.
   320 | D:1      | Reached XP level 3. HP: 20/23 MP: 3/3
   568 | D:2      | Found a basalt altar of Yredelemnul.
   594 | D:2      | Reached XP level 4. HP: 29/29 MP: 4/4
   953 | D:3      | Found a runed translucent door.
   956 | D:3      | Noticed Lobster4's ghost (amateur MfSh)
  1097 | D:3      | Found an ancient bone altar of Kikubaaqudgha.
  1160 | D:3      | Identified the +0 scale mail "Tesef" {rN+ Str+3}
  1225 | D:3      | Reached XP level 5. HP: 30/34 MP: 5/5
  1776 | D:4      | Noticed a sky beast
  1784 | D:4      | Killed a sky beast
  1785 | D:4      | Reached XP level 6. HP: 41/41 MP: 6/6
  1984 | D:4      | Identified the +1 whip "Pinil" {heavy, *Rage *Corrode
                  | Int+9}
  2292 | D:4      | You fall into a shaft and drop 3 floors!
  2297 | D:7      | Noticed a black bear
  2304 | D:7      | Killed a black bear
  2305 | D:7      | Reached XP level 7. HP: 38/46 MP: 7/7
  2509 | D:5      | Entered Level 5 of the Dungeon
  2688 | D:5      | Found a glowing drain.
  2707 | Sewer    | Entered a sewer
  2788 | Sewer    | Reached skill level 5 in Unarmed Combat
  2796 | Sewer    | Reached XP level 8. HP: 30/54 MP: 8/8
  2833 | Sewer    | Found a white marble altar of Elyvilon.
  2944 | D:4      | Identified the +5 short sword of the Middle {flame, Str+3}
  3558 | D:5      | Reached skill level 1 in Evocations
  3558 | D:5      | Reached skill level 5 in Shapeshifting
  3916 | D:6      | Found a shimmering altar of Xom.
  3918 | D:6      | Found an opulent altar of Gozag.
  3923 | D:6      | Found a bloodstained altar of Trog.
  3926 | D:6      | Became a worshipper of Gozag Ym Sagoz the Greedy
  4139 | D:7      | Reached skill level 5 in Dodging
  4367 | D:7      | Reached skill level 5 in Fighting
  4399 | D:7      | Reached XP level 9. HP: 47/61 MP: 9/9
  4405 | D:7      | Reached skill level 5 in Stealth
  4439 | D:7      | Found a stormy altar of Qazlal.
  4491 | D:7      | Found a staircase to the Ecumenical Temple.
  4498 | Temple   | Entered the Ecumenical Temple
  4638 | D:7      | Found Xoaxt's Firing Range.
  4787 | D:8      | Noticed a two-headed ogre
  4787 | D:8      | Noticed Joseph
  4811 | D:8      | Killed a two-headed ogre
  5024 | D:8      | Noticed Maggie
  5040 | D:8      | Noticed Prince Ribbit
  5044 | D:8      | Noticed a two-headed ogre
  5073 | D:8      | Killed a two-headed ogre
  5074 | D:8      | Reached XP level 10. HP: 69/69 MP: 10/10
  5125 | D:8      | Killed Prince Ribbit
  5153 | D:8      | Killed Maggie
  5286 | D:8      | Killed Joseph
  5510 | D:8      | Noticed a manticore
  5529 | D:8      | Killed a manticore
  5666 | D:8      | Noticed a centaur warrior
  5787 | D:8      | Killed a centaur warrior
  5788 | D:8      | Reached XP level 11. HP: 53/76 MP: 11/11
  5815 | D:8      | Noticed a wolf spider
  5820 | D:8      | a wolf spider changed into a faun
  5820 | D:8      | Noticed a faun (shapeshifter)
  5824 | D:8      | Killed a faun
  5874 | D:8      | Noticed a cyclops
  5886 | D:8      | Killed a cyclops
  5949 | D:8      | Noticed a lindwurm
  5949 | D:8      | Noticed a boulder beetle
  5964 | D:8      | Killed a lindwurm
  5965 | D:8      | Reached skill level 5 in Evocations
  5992 | D:8      | Noticed a six-headed hydra
  6009 | D:8      | HP: 2/77 [six-headed hydra (7)]
  6010 | D:8      | Demolished by a six-headed hydra

Illustrated notes

Levels and vault maps discovered:
D:1:      amcnicky_arrival_gap_in_the_tavern_cellar, layout_rooms,
          ebering_ecumenical_altar_rust, minmay_misc_feat_roman
D:2:      layout_rooms, basic_altar, ebering_dispersal_statue_hall
D:3:      layout_basic, kiku_gazebo_pond_becter, ebering_ghost_reflecting_pool,
          minmay_rat_hole
D:4:      layout_basic
D:5:      layout_basic, portal_sewer_entry_a
D:6:      layout_rooms, minitemple, hangedman_decor_peaks_small
D:7:      layout_basic, grunt_qazlal_clouds, minmay_temple_entry_statues,
          nicolae_shop_firing_range
D:8:      minmay_the_grid_octo_2x2 [minmay_the_grid_octo_odd_swirl,
          minmay_the_grid_octo_focus, minmay_the_grid_octo_horde,
          minmay_the_grid_octo_prize_big_c], layout_rooms, special_room
          [special_room_orc], uniq_prince_ribbit1, uniq_joseph, uniq_maggie
Temple:   lightli_temple_of_artemis

Skill      XL: |  1  2  3  4  5  6  7  8  9 10 11 |
---------------+----------------------------------+-----
Stealth        | 1 2 3 4 6 7 |  7.7
Fighting       | 2 3 4 5 6 7 |  7.9
Dodging        | 3 4 5 6 7 8 |  8.1
Unarmed Combat | 4 5 7 8 |  8.3
Shapeshifting  | 4 5 6 7 |  7.8
Evocations     | 2 3 4 5 |  5.0

Action                     |  1- 3 |  4- 6 |  7- 9 | 10-12 || total
---------------------------+-------+-------+-------+-------++-------
  Melee: Unarmed           |    71 |   139 |   248 |   153 ||   611
         Tentacles         |    18 |    29 |    55 |    39 ||   141
         Constrict         |    18 |    35 |    56 |    17 ||   126
         Punch             |     1 |     2 |     9 |     7 ||    19
  Evoke: Wand              |       |       |       |     3 ||     3
    Use: Scroll            |     4 |     4 |     5 |     1 ||    14
         Potion            |       |       |     6 |     2 ||     8
   Stab: Sleeping          |     5 |    16 |     9 |     1 ||    31
         Distracted        |     1 |       |     1 |     2 ||     4
 Armour: Skin              |    27 |    46 |   110 |    97 ||   280
  Dodge: Dodged            |    48 |    77 |   120 |   108 ||   353

Table legend: (Time is in decaauts)
 A = Elapsed time spent in this place.
 B = Non-inter-level travel time spent in this place.
 C = Inter-level travel time spent in this place.
 D = Time resting spent in this place.
 E = Time spent auto-exploring this place.
 F = Levels seen in this place.
 G = Mean time per level.
                   A        B        C        D        E       F      G
               +--------+--------+--------+--------+--------+-----+--------+
         Total |   5932 |   5829 |    103 |    333 |   3189 |  10 |  593.2 |
       Dungeon |   5755 |   5652 |    103 |    333 |   3129 |   8 |  719.4 |
        Temple |     13 |     13 |      0 |      0 |      0 |   1 |   13.0 |
         Sewer |    162 |    162 |      0 |      0 |     60 |   1 |  162.0 |
               +--------+--------+--------+--------+--------+-----+--------+

Top non-repeatable levels by time:
     D:8: 1217 daAuts
     D:4: 943 daAuts
     D:3: 760 daAuts
     D:7: 678 daAuts
     D:5: 657 daAuts
     D:6: 555 daAuts
     D:1: 539 daAuts
     D:2: 403 daAuts
   Sewer: 162 daAuts
  Temple: 13 daAuts
